Map: Abiogenesis LE

Players

Juxtapose - Winner!

  • Race: Protoss Protoss
  • League: Platinum
  • Spawn Location: 11:00

A.I. 1 (Harder)

  • Race: Protoss Protoss
  • Spawn Location: 5:00

VOD

https://youtu.be/8ldT9G7lIqU

Description

Time

  • Played on: April 25, 2018, 4:23 p.m.
  • Length: 9:47
Show
View Real Time Build Order
Export as new Build Order

Juxtapose Protoss - Winner!

Build Orders:  

Get SALT Encoding   

  12  0:01  Probe  
  13  0:13  Probe  
  14  0:20  Pylon  
  14  0:25  Probe  
  15  0:38  Probe  
  15  0:41  Gateway  
  16  0:51  Probe  
  17  0:57  Assimilator  
  17  1:02  Assimilator  
  17  1:03  Probe  
  18  1:14  Pylon  
  18  1:15  Probe  
  19  1:27  Probe  
  20  1:37  Cybernetics Core  
  20  1:39  Probe  
  21  1:40  Zealot  
  23  1:51  Probe, Pylon  
  24  2:03  Probe  
  24  2:04  Warp Gate  
  25  2:20  Probe  
  26  2:33  Nexus  
  26  2:44  Gateway  
  26  2:55  Stalker  
  28  3:04  Probe  
  29  3:11  Pylon  
  29  3:16  Probe, Stalker  
  32  3:28  Probe  
  33  3:35  Gateway  
  33  3:38  Stalker  
  33  3:41  Probe  
  36  3:47  Probe  
  37  3:53  Probe  
  37  3:54  Stalker  
  40  3:59  Probe  
  41  4:03  Forge  
  41  4:06  Probe  
  42  4:10  Pylon  
  42  4:31  Twilight Council  
  42  4:33  Pylon  
  42  4:35  Stalker  
  42  4:36  Stalker  
  46  4:48  Probe x2  
  47  5:01  Zealot x3  
  53  5:12  Probe  
  53  5:13  Probe  
  49  5:17  Blink, Protoss Ground Weapons Level 1  
  49  5:18  Pylon  
  43  5:29  Stalker  
  43  5:30  Stalker x2  
  49  5:36  Gateway  
  49  5:46  Dark Shrine  
  49  5:48  Probe x2  
  51  5:50  Assimilator  
  51  5:54  Zealot, Assimilator  
  51  5:55  Zealot  
  51  5:56  Zealot  
  57  6:10  Probe x2  
  59  6:18  Stalker x2  
  61  6:19  Stalker  
  61  6:22  Probe  
  61  6:23  Probe  
  67  6:34  Probe  
  67  6:35  Probe  
  70  6:47  Probe  
  70  6:59  Probe  
  70  7:00  Robotics Facility  
  71  7:05  Sentry  
  71  7:06  Sentry x2  
  77  7:08  Zealot  
  77  7:12  Nexus  
  79  7:17  Charge  
  79  7:33  Dark Templar  
  79  7:34  Dark Templar x2  
  85  7:39  Pylon  
  83  8:02  Zealot  
  79  8:12  Stalker x2  
  77  8:13  Stalker  
  81  8:38  Probe  
  80  8:42  Pylon  
  80  8:43  Dark Templar x2  
  80  8:44  Zealot  
  80  8:45  Dark Templar, Pylon  
  88  8:51  Probe  
  87  9:03  Probe  
  88  9:13  Dark Templar  
  90  9:20  Assimilator  
  90  9:24  Assimilator  
  90  9:30  Zealot x2  
  90  9:31  Zealot  
Show
View Real Time Build Order
Export as new Build Order

A.I. 1 (Harder) Protoss 

Build Orders:  

Get SALT Encoding   

  12  0:00  Probe  
  13  0:13  Probe  
  14  0:19  Pylon  
  14  0:25  Probe  
  15  0:33  Probe  
  15  0:40  Gateway  
  15  0:41  Probe  
  16  0:48  Assimilator  
  17  0:51  Probe  
  18  0:59  Probe  
  18  1:00  Pylon  
  19  1:20  Probe  
  20  1:28  Zealot  
  20  1:29  Cybernetics Core  
  22  1:41  Gateway  
  22  1:46  Assimilator  
  22  1:48  Zealot  
  22  2:00  Pylon  
  24  2:08  Warp Gate  
  24  2:12  Stalker  
  26  2:27  Zealot  
  28  2:42  Stalker  
  30  2:49  Zealot  
  30  2:50  Pylon  
  32  3:00  Probe  
  33  3:11  Zealot  
  33  3:12  Probe, Adept  
  36  3:18  Pylon  
  38  3:24  Probe  
  39  3:32  Forge  
  39  3:36  Probe  
  39  3:38  Stalker  
  42  3:48  Probe  
  43  3:59  Probe  
  44  4:26  Protoss Ground Weapons Level 1  
  44  4:29  Sentry  
  46  4:31  Gateway  
  46  4:34  Pylon  
  46  4:37  Sentry  
  48  4:52  Sentry  
  50  4:57  Pylon  
  50  5:00  Sentry  
  52  5:08  Photon Cannon  
  52  5:13  Stalker  
  38  5:23  Sentry  
  38  5:31  Adept  
  40  5:39  Stalker  
  42  5:47  Sentry  
  44  5:54  Adept  
  46  5:58  Photon Cannon  
  46  6:00  Protoss Ground Armor Level 1  
  46  6:02  Stalker  
  48  6:04  Robotics Facility  
  48  6:10  Stalker  
  50  6:14  Nexus  
  50  6:18  Zealot  
  52  6:26  Zealot  
  54  6:34  Stalker  
  56  6:52  Observer  
  57  6:59  Forge  
  57  7:05  Stargate  
  57  7:14  Observer  
  58  7:22  Stalker x2  
  58  7:23  Twilight Council  
  58  7:26  Probe x2  
  60  7:33  Assimilator  
  60  7:34  Pylon  
  60  7:36  Pylon  
  60  7:37  Assimilator  
  60  7:38  Probe  
  60  7:39  Probe  
  62  7:49  Sentry  
  62  7:50  Probe  
  63  7:51  Probe  
  63  7:57  Photon Cannon  
  62  8:00  Zealot  
  62  8:02  Probe  
  62  8:04  Probe  
  56  8:08  Sentry  
  46  8:16  Sentry  
  40  8:22  Zealot  
  42  8:31  Stalker  
  42  8:33  Zealot  
  34  8:42  Stalker  
  34  8:46  Zealot  
  14  9:20  Pylon  
Tags
 
League
Platinum
Matchup
PvP
Spawn Locations
Cross Positions
Add a new tag
Caveats
  • Supply blocks, unpowered buildings, or Contaminate may cause inaccurate times.
  • Supply counts are checked every 10 seconds.